 Dungeon Crawl Stone Soup version 0.31.0-9-g3a7656b989 (webtiles) character file.

Game seed: 17000947980310502399

130 qw the Ducker (level 4, -7/22 HPs)
             Began as a Spriggan Hunter on Feb 2, 2024.
             Killed by divine providence
             ... invoked by an orc priest
              (10 damage)
             ... on level 3 of the Dungeon.
             The game lasted 00:00:05 (1281 turns).

qw the Ducker (Spriggan Hunter)                     Turns: 1281, Time: 00:00:06

Health: -7/22      AC:  3    Str:  7    XL:     4   Next: 89%
Magic:  5/5        EV: 20    Int: 10    God:
Gold:   61         SH:  0    Dex: 20    Spells: 3/3 levels left

rFire   . . .        a - +0 shortbow
rCold   . . .        (shield currently unavailable)
rNeg    . . .        c - +0 robe
rPois   .            (helmet restricted)
rElec   .            k - +0 cloak
rCorr   .            (gloves unavailable)
SInv    +            (boots unavailable)
Will    .....        (no amulet)
Stlth   ++           (no ring)
HPRegen 0.23/turn    (no ring)
MPRegen 0.09/turn

%: no passive effects
@: about to teleport, very quick
A: very small, no large weapons, unfitting armour, see invisible, speed 3
a: no special abilities


You were on level 3 of the Dungeon.
You visited 1 branch of the dungeon, and saw 3 of its levels.

You collected 61 gold pieces.


Innate Abilities, Weirdness & Mutations

You are very small and have problems with some larger weapons.
You are too small for most types of armour.
You have supernaturally acute eyesight. (SInv)
You cover ground extremely quickly. (Speed+++)


   Skills:
 + Level 1.6 Fighting
 - Level 5.1 Ranged Weapons
 - Level 5.4 Dodging
 - Level 1.5 Stealth


You had 3 spell levels left.
You didn't know any spells.
Your spell library was empty.

Inventory:

Hand Weapons
 a - a +0 shortbow (weapon)
Armour
 c - a +0 robe (worn)
 k - a +0 cloak (worn)
Scrolls
 e - a scroll of teleportation
Potions
 g - a potion of attraction {unknown}
 h - a potion of curing {unknown}
 i - a potion of heal wounds {unknown}
 l - a potion of invisibility {unknown}
 m - a potion of enlightenment {unknown}

Dungeon Overview and Level Annotations

Branches:
Dungeon (3/15)

Altars:


Message History

The orc is almost dead.
The orc hits you with a +0 club.
You shoot an arrow.
The arrow hits the orc but does no damage.
The orc is almost dead.
You hear a shout!
The orc barely misses you.
An orc wizard comes into view. It is wielding a +0 dagger.
You shoot an arrow. The arrow barely misses the orc.
The orc completely misses you.
You shoot an arrow. The arrow hits the orc.
You kill the orc!
An orc priest comes into view. It is wielding a +2 whip of pain.
You shoot an arrow.
The arrow hits the orc wizard but does no damage.
The orc wizard barely misses you.
You shoot an arrow. The arrow hits the orc wizard.
The orc wizard is moderately wounded.
The orc wizard points at you and mumbles some strange words.
The magic dart hits you.
1278 ||| READING 2 scrolls of teleportation.
As you read the scroll of teleportation, it crumbles to dust.
You feel strangely unstable.
The orc wizard hits you with a +0 dagger.
You shoot an arrow.
The arrow hits the orc wizard but does no damage.
The orc wizard is moderately wounded.
The orc wizard misses you.
The orc wizard points at you and mumbles some strange words.
You easily resist.
You shoot an arrow.
The arrow completely misses the orc wizard.
The arrow barely misses the orc priest.
The orc wizard misses you.
You shoot an arrow. The arrow hits the orc wizard.
The orc wizard is heavily wounded.
The orc wizard hits you with a +0 dagger.
The orc priest invokes the aid of Beogh against you.
Beogh smites you!
You die...

#...... #.#...
##.#..# ##.....#
###...)..# #
#.....%..# #.#
#.#.<.<.## ...#.
#.##....###......
#..?%..oo@).#
#.##..#.##..#
.........# ..#
........>. ..#
#.##.#### ..# #.
#. ..# # ..# ...


You could see an orc priest and an orc wizard.

Vanquished Creatures
  A scorpion (D:3)
  2 adders
  2 orcs (D:3)
  4 endoplasms
  3 goblins
  3 hobgoblins (D:2)
  2 jackals (D:1)
  3 quokkas
  5 ball pythons
  6 bats
  9 frilled lizards
  9 kobolds
  3 rats
52 creatures vanquished.

Notes
Turn   | Place    | Note
-------+----------+-------------------------------------------
     0 | D:1      | qw the Spriggan Hunter began the quest for the Orb.
     0 | D:1      | Reached XP level 1. HP: 10/10 MP: 2/2
     0 | D:1      | 0 ||| qw: Version: 0.3-a-155-g5e7d8dd
     0 | D:1      | 0 ||| qw: Game counter: 860
     0 | D:1      | 0 ||| qw: Melee chars always use a shield: true
     0 | D:1      | 0 ||| qw: God list: Okawaru
     0 | D:1      | 0 ||| qw: Allow faded altars: false
     0 | D:1      | 0 ||| qw: Do Orc after clearing Dungeon:15 true
     0 | D:1      | 0 ||| qw: Do second Lair branch before Depths: true
     0 | D:1      | 0 ||| qw: Lair rune preference: random
     0 | D:1      | 0 ||| qw: Goals: Normal
     0 | D:1      | 0 ||| PLANNING D:1-11
    22 | D:1      | Reached skill level 3 in Dodging
    61 | D:1      | Reached XP level 2. HP: 14/14 MP: 3/3
   440 | D:1      | Reached XP level 3. HP: 18/18 MP: 4/4
   520 | D:1      | 520 ||| READING scroll labelled SAHENK EMOPRUBB.
   521 | D:1      | 521 ||| READING 3 scrolls labelled ROTAPUILYIVE.
   526 | D:1      | 526 ||| READING scroll labelled OLAASTR UHEOPU.
   527 | D:1      | 527 ||| READING scroll labelled ATIXES JOUNN.
   528 | D:1      | 528 ||| DROPPING scroll of butterflies.
  1175 | D:2      | 1175 ||| UPGRADING to +0 cloak.
  1180 | D:2      | 1180 ||| READING 3 scrolls labelled TASIMIGREU.
  1181 | D:2      | 1181 ||| READING scroll labelled ENIAMU OCWUMUO.
  1181 | D:2      | 1181 ||| IDENTIFYING sedimented silvery potion
  1182 | D:2      | 1182 ||| READING scroll labelled GUERRO CE OVAL.
  1183 | D:2      | 1183 ||| DROPPING 2 scrolls of revelation.
  1184 | D:2      | 1184 ||| DROPPING potion of ambrosia.
  1221 | D:3      | Reached XP level 4. HP: 22/22 MP: 5/5
  1231 | D:3      | Noticed a scorpion
  1239 | D:3      | Killed a scorpion
  1242 | D:3      | HP: 5/22 [poisoned by a scorpion]
  1277 | D:3      | HP: 5/22 [orc wizard/magic dart (4)]
  1278 | D:3      | 1278 ||| READING 2 scrolls of teleportation.
  1281 | D:3      | Killed from afar by an orc priest

Levels and vault maps discovered:
D:1:      dpeg_arrival_windows_large_door, layout_rooms,
          grunt_decor_mini_mirrors, palyth_stone_intersect,
          chequers_serial_rivers_marsh, lexackson_kobold_supper
D:2:      layout_loops_ring
D:3:      layout_loops_ring

Skill      XL: |  1  2  3  4 |
---------------+-------------+-----
Dodging        | 3 4 5 |  5.4
Ranged Weapons | 5 |  5.1
Fighting       | |  1.6
Stealth        | |  1.5

Action                     |  1- 3 |  4- 6 || total
---------------------------+-------+-------++-------
   Fire: Shortbow          |   114 |    23 ||   137
    Use: Scroll            |     7 |     1 ||     8
 Armour: Robe              |    11 |     5 ||    16
  Dodge: Dodged            |    40 |    10 ||    50

Table legend:
 A = Non-vault XP
 B = Vault XP
 C = Vault XP percentage of total XP
 D = Non-vault monster count
 E = Vault monster count
 F = Vault count percentage of total count
                 A         B        C        D         E       F
            +---------+---------+-------+---------+---------+-------
      Total |     175 |      11 |   5.9 |      44 |       8 |  15.4
            +---------+---------+-------+---------+---------+-------
        D:1 |      30 |      11 |  26.8 |      21 |       8 |  27.6
        D:2 |      39 |       0 |   0.0 |      17 |       0 |   0.0
        D:3 |     106 |       0 |   0.0 |       6 |       0 |   0.0
            +---------+---------+-------+---------+---------+-------
